 Dungeon Crawl Stone Soup version 0.28.0-62-gf88900778d (webtiles) character file.

Game seed: 2630634991304968912

21525 cbfl8 the Cleaver (level 12, -9/93 HPs)
             Began as a Minotaur Fighter on July 7, 2023.
             Was a Priest of Hepliaklqana.
             Killed from afar by a storm dragon (22 damage)
             ... with a bolt of lightning
             ... on level 12 of the Dungeon.
             The game lasted 00:14:30 (17538 turns).

cbfl8 the Cleaver (Minotaur Fighter)               Turns: 17538, Time: 00:14:31

Health: -9/93      AC: 17    Str: 21    XL:     12   Next: 55%
Magic:  11/11      EV:  7    Int:  5    God:    Hepliaklqana [***...]
Gold:   869        SH: 12    Dex: 15    Spells: 11/11 levels left

rFire   + . .      SeeInvis .   H - +0 broad axe (venom)
rCold   + . .      Faith    .   y - +1 kite shield
rNeg    . . .      Spirit   .   I - +0 chain mail {rC+}
rPois   .          Reflect  .   w - +2 hat
rElec   .          Harm     .   l - scarf {shadows}
rCorr   +          Rampage  .   x - +2 pair of gloves
Will    .....                   (no boots)
Stlth   ..........              e - amulet of the acrobat
HPRegen 0.25/turn               m - ring of resist corrosion
MPRegen 0.12/turn               o - ring of protection from fire

@: no status effects
A: reduced essence, horns 2, retaliatory headbutt
a: Renounce Religion, Recall Ancestor, Ancestor Identity, Transference


You were on level 12 of the Dungeon.
You worshipped Hepliaklqana.
Hepliaklqana was most pleased with you.
You visited 2 branches of the dungeon, and saw 13 of its levels.
You also visited: Ossuary.

You collected 869 gold pieces.

Inventory:

Hand Weapons
 g - a +3 war axe of venom
 H - a +0 broad axe of venom (weapon)
Missiles
 c - 10 javelins
 h - 2 boomerangs of dispersal
Armour
 i - a +1 cloak
 l - a scarf of shadows (worn)
 w - a +2 hat (worn)
 x - a +2 pair of gloves (worn)
 y - a +1 kite shield (worn)
 I - a +0 chain mail of cold resistance (worn)
Jewellery
 e - an amulet of the acrobat (around neck)
 m - a ring of resist corrosion (left hand)
 o - a ring of protection from fire (right hand)
Wands
 q - a wand of paralysis (7)
 u - a wand of charming (4)
 J - a wand of mindburst (3)
 L - a wand of flame (3)
Scrolls
 a - 8 scrolls of teleportation
 s - a scroll of brand weapon
 t - a scroll of fear
 z - 2 scrolls of blinking
 D - a scroll of fog
 N - a scroll of amnesia
Potions
 d - 2 potions of berserk rage {unknown}
 f - 2 potions of cancellation {unknown}
 j - 3 potions of lignification {unknown}
 n - 2 potions of curing {unknown}
 p - 3 potions of flight {unknown}
 r - 2 potions of heal wounds {unknown}
 v - 2 potions of might
 A - a potion of invisibility {unknown}
 B - 2 potions of attraction {unknown}
 C - a potion of resistance {unknown}
 E - a potion of ambrosia {unknown}
 F - 2 potions of haste {unknown}
 G - a potion of degeneration {unknown}
 M - a potion of experience {unknown}


   Skills:
 + Level 9.1 Fighting
 + Level 13.5 Axes
 * Level 6.8 Throwing
 + Level 11.9 Armour
 - Level 1.7 Dodging
 + Level 2.4 Stealth
 + Level 9.2 Shields
 * Level 8.1 Evocations


You had 11 spell levels left.
You didn't know any spells.
Your spell library contained the following spells:

 Spells                   Type           Power      Damage    Failure   Level
 Foxfire                  Conj/Fire      0%         2x1d4     100%        1
 Sting                    Tmut/Pois      0%         1d3       100%        1
 Ensorcelled Hibernation  Hex/Ice        0%         N/A       100%        2
 Poisonous Vapours        Pois/Air       0%         N/A       100%        2
 Static Discharge         Conj/Air       0%         N/A       100%        2
 Conjure Flame            Conj/Fire      0%         6-21      100%        3
 Inner Flame              Hex/Fire       0%         N/A       100%        3
 Spider Form              Tmut/Pois      0%         N/A       100%        3
 Anguish                  Hex/Necr       0%         N/A       100%        4
 Flame Wave               Conj/Fire      0%         2d4       100%        4
 Fulminant Prism          Conj/Hex       0%         3d6       100%        4
 Iskenderun's Mystic Bla  Conj/Tloc      0%         2d3       100%        4
 Olgreb's Toxic Radiance  Pois           0%         N/A       100%        4
 Alistair's Intoxication  Tmut/Pois      0%         N/A       100%        5
 Borgnjor's Vile Clutch   Necr/Erth      0%         N/A       100%        5
 Lee's Rapid Deconstruct  Erth           0%         3d5*      100%        5
 Lightning Bolt           Conj/Air       0%         1d11      100%        5
 Eringya's Noxious Bog    Tmut/Pois      0%         N/A       100%        6
 Maxwell's Capacitive Co  Air            0%         ∞         100%        8


Dungeon Overview and Level Annotations

Branches:
Dungeon (12/15)            Temple (1/1) D:7            Lair (0/6) D:8
    Orc (0/2) D:11        Ossuary (visited)

Altars:
Ashenzari
Cheibriados
Dithmenos
Elyvilon
Fedhas
Gozag
Hepliaklqana
Kikubaaqudgha
Makhleb
Nemelex Xobeh
Okawaru
Qazlal
Ru
Sif Muna
Trog
Uskayaw
Vehumet
Wu Jian
Xom
Yredelemnul
Zin
The Shining One
Jiyva

Annotations:
D:4 1 runed translucent door, cbfl8's ghost, amateur MiFi
D:5 1 runed translucent door, Crazy Yiuf


Innate Abilities, Weirdness & Mutations

Your life essence is reduced to manifest your ancestor. (-10% HP)
You have a pair of horns on your head.
You reflexively headbutt those who attack you in melee.


Message History

The storm dragon is moderately wounded.
You block the storm dragon's attack. The storm dragon claws you.
The storm dragon tramples you but does no damage.
Valentine points at the storm dragon and mumbles some strange words.
The stone arrow hits the storm dragon!
You slash the storm dragon! You headbutt the storm dragon.
The storm dragon is heavily wounded.
You block the storm dragon's attack.
The storm dragon claws you but does no damage.
The storm dragon tramples you!
You hold your ground!
The storm dragon breathes lightning at you.
The bolt of lightning hits you!!
* * * LOW HITPOINT WARNING * * *
You hear a bellow!
You hear a shout!
You hear a bellow! x2
You are too injured to fight recklessly!
Unknown command.
You are too injured to fight recklessly!
Valentine barely misses the storm dragon.
Okay, then.
Aiming: Corrosive Bolt
Press: ? - help, Q - select action, (/) - cycle Shift-Dir - straight line, f - storm dragon
Aim: a storm dragon (heavily wounded, extremely poisoned, ally target, 74% to hit)
The bolt of acid hits the storm dragon!!
The storm dragon is severely wounded.
You block the storm dragon's attack.
The storm dragon claws you but does no damage.
The storm dragon tramples you!
* * * LOW HITPOINT WARNING * * *
You stumble backwards!
Valentine barely misses the storm dragon.
Unknown command.
Aiming: Corrosive Bolt
Press: ? - help, Q - select action, (/) - cycle Shift-Dir - straight line, f/p - storm dragon
Aim: a storm dragon (severely wounded, extremely poisoned, ally target, 74% to hit)
The bolt of acid hits the storm dragon!
The acid corrodes the storm dragon!
The storm dragon is almost dead.
The now-empty wand crumbles to dust.
The storm dragon breathes lightning at you.
The bolt of lightning hits you!!
You die...

..... #.....<# ....
#......# ### ... #......#
..... .. .#......#
.....#####......#......#
......<...###.#.#c.....#
.
###......R........o......
. .....#.......D...... .
.....#.....(.@....## .
.... #.......)...##
.###'#+##........#...#
...÷.............##...#
.................# #...
.<..)######......# #..
.....#....#...>..# #.
.....#....+......#
.###'#....#..(...#


You could see the friendly Valentine the battlemage and a storm dragon
(extremely poisoned, catching breath, corroded, ally target).

Vanquished Creatures
  Jorgrun (D:12)
  A hydra (D:11)
  2 two-headed ogres
  Nergalle (D:10)
  Pikel (D:7)
  A deep elf pyromancer (D:11)
  An ugly thing (D:10)
  2 cyclopes
  Joseph (D:7)
  A yaktaur (shapeshifter) (D:11)
  A hornet (D:8)
  3 trolls
  A slime creature (D:10)
  3 shadows
  A basilisk (D:11)
  A wraith (Ossuary)
  A wyvern (D:9)
  Eustachio (D:4)
  4 yaks (D:10)
  Grum (D:11)
  Menkaure (D:7)
  2 vampire mosquitoes (D:12)
  A steam dragon (D:10)
  2 water moccasins
  2 acid dragons
  Duvessa (D:4)
  6 orc warriors
  An ice beast (D:5)
  A sky beast (D:8)
  5 necrophages
  2 ogres (D:4)
  2 black bears
  5 centaurs
  3 wolves (D:11)
  A lemure (D:7)
  3 kobold brigands
  2 bullfrogs
  A wyvern zombie (D:9)
  A water moccasin zombie (D:6)
  Dowan (D:4)
  2 water moccasin skeletons (D:6)
  8 wights
  6 killer bees (D:8)
  6 howler monkeys
  4 centaur zombies
  7 jellies
  5 hounds
  An iron imp (D:3)
  A gnoll shaman (D:8)
  4 orc priests
  Ijyb (D:5)
  2 scorpion zombies (D:5)
  3 iguanas
  11 orc wizards
  A hound zombie (D:5)
  4 mummies
  3 gnolls (D:8)
  7 adders
  A shadow imp (D:7)
  A white imp (D:4)
  3 ufetubi
  2 dart slugs
  56 orcs
  11 ball pythons
  5 endoplasms
  6 giant cockroaches
  4 hobgoblins
  3 jackals (D:3)
  16 kobolds
  2 quokkas (D:2)
  4 bats
  3 frilled lizards
  4 goblins
  2 goblin zombies (Ossuary)
  5 hobgoblin zombies (Ossuary)
  5 kobold zombies (Ossuary)
  6 rats
287 creatures vanquished.

Vanquished Creatures (collateral kills)
  A hydra (D:11)
  Erolcha (D:10)
  2 two-headed ogres
  A phantasmal warrior (D:11)
  2 cyclopes (D:12)
  An ugly thing (D:11)
  A centaur zombie (D:10)
  A kobold demonologist (D:11)
  A yak (D:10)
  2 wyverns
  2 vampire mosquitoes (D:12)
  2 orc warriors
  A wolf (D:11)
  An ogre (D:4)
  3 orc priests
  An orc wizard (D:11)
  A mummy (D:10)
  An ufetubus (D:4)
  2 orcs
  2 kobolds (D:11)
29 creatures vanquished.

Vanquished Creatures (others)
  A battlemage (D:12)
  An ancestor (D:8)
  6 withered plants (D:10)
8 creatures vanquished.

Grand Total: 324 creatures vanquished

Notes
Turn   | Place    | Note
-------+----------+-------------------------------------------
     0 | D:1      | cbfl8 the Minotaur Fighter began the quest for the Orb.
     0 | D:1      | Reached XP level 1. HP: 19/19 MP: 0/0
    95 | D:1      | Reached XP level 2. HP: 24/27 MP: 1/1
   270 | D:1      | Found a faded altar of an unknown god.
   681 | D:2      | Reached XP level 3. HP: 33/33 MP: 2/2
  1079 | D:2      | Reached skill level 1 in Evocations
  1240 | D:3      | Reached skill level 3 in Axes
  1436 | D:3      | Reached XP level 4. HP: 39/40 MP: 3/3
  1525 | D:3      | Found a snail-covered altar of Cheibriados.
  1839 | D:4      | Noticed an ogre
  1847 | D:4      | HP: 2/40 [ogre/+0 giant spiked club (14)]
  1848 | D:4      | Killed an ogre
  1849 | D:4      | Reached skill level 4 in Axes
  1849 | D:4      | Reached XP level 5. HP: 2/47 MP: 4/4
  2344 | D:4      | Noticed a black bear
  2410 | D:4      | Found a runed translucent door.
  2410 | D:4      | Noticed cbfl8's ghost (amateur MiFi)
  2551 | D:4      | Found a bloodstained altar of Trog.
  2552 | D:4      | Noticed an ogre
  2575 | D:4      | Killed an ogre
  2576 | D:4      | Reached XP level 6. HP: 37/53 MP: 5/5
  2832 | D:4      | Reached skill level 5 in Axes
  2928 | D:4      | Noticed Eustachio
  2950 | D:4      | Killed Eustachio
  2951 | D:4      | Reached skill level 5 in Armour
  2951 | D:4      | Reached XP level 7. HP: 47/60 MP: 6/6
  3215 | D:4      | Noticed Dowan
  3216 | D:4      | Noticed Duvessa
  3225 | D:4      | Killed Duvessa
  3225 | D:4      | Killed Dowan
  3226 | D:4      | Reached skill level 5 in Fighting
  3226 | D:4      | Reached skill level 6 in Axes
  3492 | D:5      | Entered Level 5 of the Dungeon
  3492 | D:5      | Noticed a shadow
  3673 | D:5      | Killed a shadow
  3674 | D:5      | Reached skill level 1 in Dodging
  4244 | D:4      | Reached XP level 8. HP: 61/68 MP: 7/7
  4384 | D:4      | Reached skill level 7 in Axes
  4711 | D:5      | Reached skill level 5 in Shields
  5669 | D:5      | Found a stormy altar of Qazlal.
  5772 | D:5      | Reached skill level 8 in Axes
  5777 | D:5      | Noticed Ijyb
  5787 | D:5      | Killed Ijyb
  5948 | D:5      | Found a runed translucent door.
  5949 | D:5      | Noticed Crazy Yiuf
  6143 | D:5      | Found a sacrificial altar of Ru.
  6478 | D:6      | Reached XP level 9. HP: 68/75 MP: 8/8
  6718 | D:6      | Found an ornate altar of the Wu Jian Council.
  6727 | D:6      | Found a burning altar of Makhleb.
  6733 | D:6      | Found a shimmering altar of Xom.
  6802 | D:6      | Reached skill level 9 in Axes
  7098 | D:7      | Found a staircase to the Ecumenical Temple.
  7102 | D:7      | Reached skill level 5 in Evocations
  7118 | Temple   | Entered the Ecumenical Temple
  7424 | Temple   | Became a worshipper of Hepliaklqana the Forgotten
  7460 | D:7      | Found a sand-covered staircase.
  7466 | Ossuary  | Entered an ossuary
  7918 | D:7      | Noticed Pikel
  7929 | D:7      | Killed Pikel
  7930 | D:7      | Reached skill level 10 in Axes
  7930 | D:7      | Reached skill level 1 in Throwing
  8070 | D:7      | Noticed Joseph
  9107 | D:7      | Killed Joseph
  9108 | D:7      | Reached XP level 10. HP: 45/84 MP: 9/9
  9468 | D:7      | Noticed Menkaure
  9475 | D:7      | Killed Menkaure
  9902 | D:8      | Reached * piety under Hepliaklqana
 10804 | D:8      | Noticed a two-headed ogre
 11066 | D:8      | Killed a two-headed ogre
 11067 | D:8      | Reached skill level 11 in Axes
 11356 | D:8      | Found a staircase to the Lair.
 11779 | D:9      | Reached skill level 1 in Stealth
 12372 | D:9      | Reached skill level 10 in Armour
 12960 | D:9      | Found a broken altar of Ashenzari.
 12990 | D:10     | Entered Level 10 of the Dungeon
 12990 | D:10     | Found a viscous altar of Jiyva.
 13159 | D:10     | Reached XP level 11. HP: 68/84 MP: 10/10
 13293 | D:10     | Noticed Nergalle
 13302 | D:10     | Killed Nergalle
 13364 | D:10     | Reached ** piety under Hepliaklqana
 13365 | D:10     | Remembered your ancestor Valentine as a battlemage
 13391 | D:10     | Reached skill level 12 in Axes
 13601 | D:10     | Noticed Erolcha
 13606 | D:10     | Reached skill level 5 in Throwing
 13608 | D:10     | Killed Erolcha
 13853 | D:10     | Noticed a green ugly thing
 13860 | D:10     | Killed a green ugly thing
 14216 | D:11     | Noticed a two-headed ogre
 14226 | D:11     | Killed a two-headed ogre
 14581 | D:11     | Found a staircase to the Orcish Mines.
 15004 | D:11     | Found an ancient bone altar of Kikubaaqudgha.
 15005 | D:11     | Found a shimmering altar of Xom.
 15005 | D:11     | Found a stormy altar of Qazlal.
 15008 | D:11     | Found a radiant altar of Vehumet.
 15008 | D:11     | Found a radiant altar of Vehumet.
 15008 | D:11     | Found a shimmering altar of Xom.
 15146 | D:11     | Noticed Grum
 15157 | D:11     | Killed Grum
 15296 | D:12     | Noticed Jorgrun
 15366 | D:12     | Noticed a deep elf pyromancer
 15366 | D:12     | Noticed a purple ugly thing
 15366 | D:12     | Reached *** piety under Hepliaklqana
 15369 | D:12     | Noticed a seven-headed hydra
 15384 | D:11     | Killed a purple ugly thing
 15635 | D:12     | Noticed a six-headed hydra
 15635 | D:12     | Noticed a phantasmal warrior
 15640 | D:11     | Killed a seven-headed hydra
 15641 | D:11     | Reached XP level 12. HP: 24/92 MP: 11/11
 15642 | D:11     | Reached skill level 13 in Axes
 16017 | D:11     | Killed a six-headed hydra
 17207 | D:12     | Killed Jorgrun
 17471 | D:12     | Noticed a two-headed ogre
 17477 | D:12     | Killed a two-headed ogre
 17514 | D:12     | Noticed a two-headed ogre
 17522 | D:12     | Killed a two-headed ogre
 17530 | D:12     | Noticed a storm dragon
 17538 | D:12     | Killed from afar by a storm dragon

Illustrated notes

Levels and vault maps discovered:
D:1:      lightli_arrival_chessboard, layout_rooms,
          hellmonk_ecumenical_altar_heavens_door, minmay_stone_trees_small
D:2:      layout_rooms
D:3:      layout_basic, slow_altar_2
D:4:      layout_loops_ring, mainiacjoe_overflow_paths,
          hellmonk_ghost_happy_afterlife, uniq_duvessa, uniq_eustachio
D:5:      cheibrodos_fzero, layout_rooms, grunt_qazlal_clouds,
          nicolae_ru_great_annihilating_truth, small_statue_intersection,
          uniq_ijyb, uniq_crazy_yiuf_cottage
D:6:      layout_rooms, minmay_overflow_temple_star_quad, chequers_jeans,
          kennysheep_generic_room_9
D:7:      layout_loops_ring, minmay_temple_entry_statues_fountains,
          nicolae_ossuary_entry_plus, uniq_joseph, uniq_menkaure, uniq_pikel
D:8:      layout_loops_cross, lair_entry_dummy, feat_on_display
D:9:      layout_loops_ring, kennysheep_mini_moat
D:10:     layout_rooms, serial_undead, serial_undead_b, serial_undead_d,
          serial_undead_f, serial_undead_b, jiyva_altar_1, uniq_erolcha,
          uniq_nergalle
D:11:     layout_cave_pools, orc_0_dummy, doesnt_xom_only_xom, uniq_grum
D:12:     evilmike_diamond_1, layout_irregular_city, uniq_jorgrun
Temple:   minmay_temple_curvy_branch

Skill      XL: |  1  2  3  4  5  6  7  8  9 10 11 12 |
---------------+-------------------------------------+-----
Armour         | 4 5 6 7 8 10 11 | 11.9
Shields        | 4 5 6 7 8 9 |  9.2
Evocations     | 1 2 3 4 5 6 7 8 |  8.1
Fighting       | 4 5 6 7 8 9 |  9.1
Axes           | 3 4 5 6 8 10 11 12 13 | 13.5
Dodging        | 1 |  1.7
Throwing       | 2 4 5 6 |  6.8
Stealth        | 1 2 |  2.4

Action                   |  1- 3 |  4- 6 |  7- 9 | 10-12 || total
-------------------------+-------+-------+-------+-------++-------
Melee: War axe           |    98 |    63 |   251 |   234 ||   646
       Headbutt          |    16 |     8 |    47 |    86 ||   157
       Broad axe         |       |       |       |    94 ||    94
Invok: Ancestor Identity |       |       |       |     1 ||     1
       Ancestor Life: Ba |       |       |       |     1 ||     1
Evoke: Wand              |       |       |       |    12 ||    12
  Use: Potion            |       |     1 |       |       ||     1
       Scroll            |       |     1 |     8 |    11 ||    20
 Stab: Paralysed         |       |       |     1 |       ||     1
       Distracted        |       |       |       |     6 ||     6
Armor: Scale mail        |    48 |       |       |       ||    48
       Chain mail        |    11 |    47 |   142 |   179 ||   379
Dodge: Dodged            |    45 |    31 |   103 |   109 ||   288
Block: Buckler           |    24 |    23 |    49 |       ||    96
       Kite shield       |       |       |    46 |   230 ||   276
